cohdb
Replays
Latest Replays
All Replays
Popular Replays
Top Player Replays
Match Explorer
How It Works
Community
CoH3 Stats
Reddit
Sign in to upload your games and track your stats! →
Sign in with Steam
Match 43454875
Unlisted
Match 43454875
Overview
Messages
Build Orders
End
Construct Infanterie Kompanie
Selects Italian Coastal Battlegroup
Selects Coastal Reserves
Coastal Reserve
MG 42 Machine Gun Team
Coastal Reserve
MG 42 Bunker
MG 42 Bunker
Construct Luftwaffe Kompanie
Selects Support Bunkers
MG 42 Bunker
MG 42 Bunker
Selects Artillery Officer
Selects Designated Artillery Overwatch
Repair Bunker
Selects Bulwark
Artillery Officer
221 Scout Car
MG 42 Bunker
Support Elements
Wirbelwind Flakpanzer
Luftwaffe Officer Quarters
Selects Obice da 210/22 Artillery Emplacement
Construct Panzer Kompanie
Designated Artillery Overwatch
Designated Artillery Overwatch
Nougat [AdG]
[AdG]Pcs032
Handgranaten Herbert
DirtyGrandpa
Scary Bill
GoodGuyPalps
vonAJ
Zielony
0
0
Comments
sign in to comment!
No comments posted yet!